 Dungeon Crawl Stone Soup version 0.29.1-1-gd02db6906a (webtiles) character file.

Game seed: 4740393335623770678

134 quakins the Magician (level 4, 0/33 HPs)
             Began as a Draconian Conjurer on Oct 13, 2022.
             Slain by Grinder (5 damage)
             ... on level 3 of the Dungeon.
             The game lasted 00:05:12 (3544 turns).

quakins the Magician (Draconian Conjurer)           Turns: 3544, Time: 00:05:13

Health: 0/33       AC:  6    Str:  9    XL:     4   Next: 95%
Magic:  8/19       EV: 11    Int: 20    God:
Gold:   142        SH:  5    Dex: 10    Spells: 9/12 levels left

rFire   . . .      SeeInvis .   o - +0 short sword (flame)
rCold   . . .      Faith    .   p - +2 buckler
rNeg    . . .      Spirit   .   (body armour unavailable)
rPois   .          Reflect  .   (helmet restricted)
rElec   .          Harm     .   (no cloak)
rCorr   .          Rampage  .   k - +0 pair of gloves
Will    .....                   (no boots)
Stlth   ++........              (no amulet)
HPRegen 0.11/turn               e - ring of magical power
MPRegen 0.16/turn               (no ring)

@: no status effects
A: AC +5, unfitting armour, cold-blooded
a: no special abilities


You were on level 3 of the Dungeon.
You visited 1 branch of the dungeon, and saw 3 of its levels.

You collected 142 gold pieces.

Inventory:

Hand Weapons
 o - a +0 short sword of flaming (weapon)
Missiles
 c - 2 throwing nets
Armour
 k - a +0 pair of gloves (worn)
 p - a +2 buckler (worn)
Jewellery
 e - a ring of magical power (left hand)
 s - a ring of see invisible
Wands
 q - a wand of polymorph (13)
 t - a wand of digging (5)
 u - a wand of paralysis (5)
Scrolls
 g - a scroll of identify {unknown}
 j - a scroll of enchant weapon {unknown}
 m - a scroll of amnesia {unknown}
 r - 2 scrolls of teleportation {unknown}
Potions
 a - 4 potions of magic
 b - a potion of brilliance {unknown}
 d - a potion of lignification {unknown}
 f - a potion of flight {unknown}
 h - a potion of heal wounds {unknown}
 i - 2 potions of attraction {unknown}
 l - 3 potions of curing {unknown}
 n - a potion of haste {unknown}


   Skills:
 - Level 1.8 Dodging
 - Level 1.8 Stealth
 + Level 4.8 Spellcasting
 - Level 4.0 Conjurations


You had 9 spell levels left.
You knew the following spells:

 Your Spells              Type           Power      Damage    Failure   Level
a - Magic Dart            Conj           80%        1d7       3%          1
b - Searing Ray           Conj           40%        2d5       4%          2

Your spell library contained the following spells:

 Spells                   Type           Power      Damage    Failure   Level
 Sting                    Tmut/Pois      16%        1d3       16%         1
 Dazzling Flash           Conj/Hex       24%        N/A       22%         3
 Poisonous Vapours        Pois/Air       8%         N/A       24%         2
 Fulminant Prism          Conj/Hex       6%         3d7       56%         4
 Iskenderun's Mystic Bla  Conj/Tloc      12%        2d5       56%         4
 Olgreb's Toxic Radiance  Pois           4%         N/A       85%         4


Dungeon Overview and Level Annotations

Branches:
Dungeon (3/15)

Altars:

Annotations:
D:3 Grinder


Innate Abilities, Weirdness & Mutations

Your plain brown scales are hard. (AC +5)
You cannot fit into any form of body armour.
You are cold-blooded and may be slowed by cold attacks.


Message History

Grinder is severely wounded.
Grinder gestures at you. Pain shoots through your body!
The searing ray hits Grinder.
Grinder is severely wounded.
You finish channelling your searing ray.
Grinder gestures at you.
You barely resist.
Casting: Searing Ray (safe; 4% risk of failure)
Confirm with . or Enter, or press ? or * to list all spells.
Aiming: Searing Ray (safe; 4% risk of failure)
Press: ? - help, Shift-Dir - straight line, f/p - Grinder
Aim: Grinder (severely wounded, 75% to hit)
The searing ray misses Grinder. (Press . to maintain the ray.) Grinder hits you!
You writhe in agony.
The searing ray hits Grinder but does no damage.
Grinder is severely wounded.
Grinder blinks!
Casting: Searing Ray (safe; 4% risk of failure)
Confirm with . or Enter, or press ? or * to list all spells.
Restarting spell: Searing Ray (safe; 4% risk of failure)
Press: ? - help, Shift-Dir - straight line, f/p - Grinder
Aim: Grinder (severely wounded, 75% to hit)
The searing ray hits Grinder but does no damage.
Grinder is severely wounded. (Press . to maintain the ray.) Grinder hits you but does no damage.
The searing ray hits Grinder!
Grinder is almost dead.
Grinder says, "I used to sell toenails on the black market."
Grinder gestures at you. Pain shoots through your body!
* * * LOW HITPOINT WARNING * * *
The searing ray hits Grinder but does no damage.
Grinder is almost dead.
Grinder hits you.
* * * LOW HITPOINT WARNING * * *
You writhe in agony.
You die...

### #######################
.... ...............5@.....#
.....
.####......##########.##.....
...##......# #.....†.5
##.........# #........
.#.........# #.# .###.......#
#######.# .# ##......#
#.......# †#
#......####.####### ## .#
#......##...# ######.


You could see Grinder.

Vanquished Creatures
  Ijyb (D:3)
  Robin (D:3)
  3 adders
  3 worms
  3 dart slugs (D:2)
  An orc (D:3)
  4 ball pythons
  5 endoplasms
  10 goblins
  5 hobgoblins
  2 jackals (D:2)
  A quokka (D:1)
  5 bats
  5 frilled lizards
  4 kobolds
  8 rats
61 creatures vanquished.

Notes
Turn   | Place    | Note
-------+----------+-------------------------------------------
     0 | D:1      | quakins the Draconian Conjurer began the quest for the Orb.
     0 | D:1      | Reached XP level 1. HP: 14/14 MP: 3/3
   287 | D:1      | Reached XP level 2. HP: 20/20 MP: 1/5
  1334 | D:2      | Learned a level 2 spell: Searing Ray
  1502 | D:2      | Reached XP level 3. HP: 26/26 MP: 4/7
  2649 | D:3      | Reached XP level 4. HP: 33/33 MP: 10/10
  2717 | D:3      | Noticed Ijyb
  2735 | D:3      | Killed Ijyb
  3049 | D:3      | Noticed Grinder
  3254 | D:3      | Noticed Robin
  3258 | D:3      | Killed Robin
  3544 | D:3      | Slain by Grinder

Illustrated notes

Levels and vault maps discovered:
D:1:      saegor_arrival_simple_c, layout_basic
D:2:      layout_loops_corners
D:3:      layout_rooms, nicolae_underground_beach, uniq_robin, uniq_grinder,
          uniq_ijyb

Skill      XL: |  1  2  3 |
---------------+----------+-----
Spellcasting   | 3 4 |  4.8
Dodging        | |  1.8
Stealth        | |  1.8
Conjurations   | |  4.0

Action                   |  1- 3 |  4- 6 || total
-------------------------+-------+-------++-------
Melee: Unarmed           |    14 |       ||    14
       Short sword       |     2 |       ||     2
       Tailslap          |     2 |       ||     2
 Cast: Magic Dart        |   108 |    29 ||   137
       Searing Ray       |       |     9 ||     9
Armor: Skin              |     9 |     4 ||    13
Dodge: Dodged            |    23 |     6 ||    29
Block: Buckler           |     2 |       ||     2
